 Dungeon Crawl Stone Soup version 0.24-a0-269-g32ec7ca (webtiles) character file.

Game seed: 57168709399215306

3992 Laiders72 the Basher (level 10, 0/82 HPs)
             Began as a Formicid Fighter on Apr 21, 2019.
             Was an Elder of Okawaru.
             Slain by a worldbinder (3 damage)
             ... on level 1 of the Abyss.
             The game lasted 00:23:40 (8841 turns).

Laiders72 the Basher (Formicid Fighter)             Turns: 8841, Time: 00:23:41

Health: 0/82       AC: 12    Str: 22    XL:     10   Next: 46%
Magic:  10/10      EV:  6    Int:  8    God:    Okawaru [****..]
Gold:   154        SH: 11    Dex: 12    Spells: 9/9 levels left

rFire    . . .     SeeInvis +   x - +0 morningstar
rCold    . . .     Gourm    .   c - +0 shield
rNeg     . . .     Faith    .   r - +0 plate armour
rPois    .         Spirit   .   (helmet unavailable)
rElec    .         Reflect  .   b - scarf {repulsion}
rCorr    .         Harm     .   E - +0 pair of gloves
MR       +....                  (no boots)
Stlth    ..........             (no amulet)
HPRegen  0.23/turn              (no ring)
MPRegen  0.12/turn              (no ring)

@: repel missiles
A: permanent stasis, dig shafts and tunnels, four strong arms, antennae 3
a: Dig, Shaft Self, Heroism, Renounce Religion


You were on level 1 of the Abyss.
You worshipped Okawaru.
Okawaru was greatly pleased with you.
You were not hungry.

You visited 2 branches of the dungeon, and saw 10 of its levels.
You visited the Abyss 1 time.

You collected 318 gold pieces.
You spent 164 gold pieces at shops.

Inventory:

Hand Weapons
 x - a +0 morningstar (weapon)
Missiles
 s - 6 tomahawks (quivered)
Armour
 b - a scarf of repulsion (worn)
 c - a +0 shield (worn)
 r - a +0 plate armour (worn)
 E - a +0 pair of gloves (worn)
Jewellery
 H - an uncursed ring of magical power {unknown}
Wands
 h - a wand of disintegration (15)
 v - a wand of acid (5)
 y - a wand of flame (21)
 A - a wand of polymorph (17)
 C - a wand of digging (4)
 F - a wand of iceblast (18)
Scrolls
 a - 2 scrolls of blinking {unknown}
 e - 2 scrolls of fear
 g - 2 scrolls of identify
 j - 2 scrolls of enchant weapon
 k - a scroll of amnesia {unknown}
 l - 2 scrolls of magic mapping {unknown}
 m - 6 scrolls of remove curse
 q - a scroll of immolation
 w - a scroll of fog {unknown}
 B - a scroll of enchant armour
Potions
 d - a potion of ambrosia {unknown}
 i - a potion of lignification
 n - 6 potions of heal wounds
 o - 2 potions of brilliance
 p - a potion of agility {unknown}
 t - a potion of invisibility {unknown}
 u - a potion of mutation {unknown}
 z - 4 potions of flight
 D - a potion of curing {unknown}
Comestibles
 f - 16 rations


   Skills:
 + Level 8.7 Fighting
 * Level 10.6 Maces & Flails
 - Level 3.2 Armour
 - Level 9.0 Shields


You had 9 spell levels left.
You didn't know any spells.
Your spell library contained the following spells:

 Spells                   Type           Power        Failure   Level  Hunger
 Summon Small Mammal      Summ           #...         100%        1    ##.....
 Call Imp                 Summ           #.......     100%        2    ###....
 Call Canine Familiar     Summ           #.......     100%        3    ####...
 Summon Guardian Golem    Hex/Summ       #.......     100%        3    ####...
 Summon Ice Beast         Ice/Summ       #.......     100%        4    #####..
 Summon Lightning Spire   Summ/Air       #.......     100%        4    #####..


Dungeon Overview and Level Annotations

Branches:
Dungeon (9/15)             Temple (1/1) D:4
   Lair: D:8-11         Orc: D:9-12

Altars:
Ashenzari
Cheibriados
Dithmenos
Elyvilon
Fedhas
Gozag
Hepliaklqana
Kikubaaqudgha
Makhleb
Nemelex Xobeh
Okawaru
Qazlal
Ru
Sif Muna
Trog
Uskayaw
Vehumet
Wu Jian
Xom
Yredelemnul
Zin
The Shining One

Shops:
D:6 [?   D:8 (

Annotations:
D:9 Gastronok, Grum, Joseph


Innate Abilities, Weirdness & Mutations

You cannot be hasted, slowed, berserked, paralysed or teleported.
You can dig through walls and to a lower floor.
Your four strong arms can wield two-handed weapons with a shield.
You have a pair of large antennae on your head. (SInv)


Message History

You are covered in liquid flames!
* * * LOW HITPOINT WARNING * * *
The smoke demon hits you but does no damage.
You block the smoke demon's attack.
The smoke demon hits you but does no damage.
Found a falchion.
You are covered in liquid flames!
* * * LOW HITPOINT WARNING * * *
You block the sixfirhy's attack.
The worldbinder hits you but does no damage.
The worldbinder hits you.
* * * LOW HITPOINT WARNING * * *
The sixfirhy hits you but does no damage.
You block the worldbinder's attack. The worldbinder hits you.
* * * LOW HITPOINT WARNING * * *
Found a leather armour.
You block the sixfirhy's attack.
The sixfirhy hits you but does no damage.
The worldbinder hits you.
You die...

#.......# .
#####..#....# ...
#....... .#.###.....
#.#####. ......# ...
### ###.##.#....$.
.≈.#
#..##.....#......#
.....##........#... ≈#
x.......∩x3.##.##
..≈≈≈≈ . #....@3..#..#
..≈≈≈≈
..)..$.#....##.#..≈≈#≈
......>#....# ## ≈≈≈≈
.#.##.$.##..# .[ ....
#..# # .#.#. ##.#
...#.. .# ## . .# #


You could see a worldbinder, a sixfirhy and a smoke demon.

Vanquished Creatures
  The ghost of Hasart the Martial Artist, a novice OpMo (D:8)
  A hippogriff (D:9)
  Sigmund (D:5)
  2 sky beasts
  3 ice beasts
  A black bear (D:6)
  An ogre (D:6)
  2 phantoms
  The ghost of FlareUmbra the Charmwright, an amateur MfSk (D:3)
  3 wolves (D:9)
  2 big kobolds
  A bullfrog (D:8)
  3 scorpions
  3 killer bees (D:6)
  8 wights
  3 howler monkeys
  3 crimson imps
  A quasit (D:6)
  A bullfrog skeleton (D:7)
  4 hounds
  3 jellies (D:6)
  2 orc priests
  2 iguanas (D:6)
  5 worker ants
  3 orc wizards
  A killer bee zombie (D:7)
  A hound zombie (D:5)
  Robin (D:2)
  A gnoll (D:3)
  12 adders
  A howler monkey skeleton (D:6)
  3 shadow imps (D:8)
  2 oozes
  An adder zombie (D:6)
  5 worms
  A dart slug (D:1)
  27 orcs
  4 ball pythons
  6 bats
  9 giant cockroaches
  18 goblins
  5 hobgoblins
  8 jackals
  17 kobolds
  3 quokkas
  5 frilled lizards
  A jackal skeleton (D:7)
  A quokka zombie (D:5)
  5 rats
198 creatures vanquished.

Notes
Turn   | Place    | Note
-------+----------+-------------------------------------------
     0 | D:1      | Laiders72 the Formicid Fighter began the quest for the Orb.
     0 | D:1      | Reached XP level 1. HP: 18/18 MP: 1/1
   192 | D:1      | Reached XP level 2. HP: 24/24 MP: 2/2
   466 | D:1      | Reached XP level 3. HP: 21/29 MP: 3/3
   912 | D:2      | Reached skill level 3 in Maces & Flails
   988 | D:2      | Identified the +2 helmet of Decompression {rElec MR+
                  | Stlth-}
   988 | D:2      | Noticed Robin
  1014 | D:2      | Reached XP level 4. HP: 26/37 MP: 4/4
  1018 | D:2      | Killed Robin
  1630 | D:2      | Found a faded altar of an unknown god.
  1862 | D:3      | Found a runed translucent door.
  1875 | D:3      | Reached XP level 5. HP: 18/42 MP: 5/5
  2179 | D:3      | Reached skill level 4 in Maces & Flails
  2548 | D:3      | Noticed FlareUmbra's ghost (amateur MfSk)
  3295 | D:3      | Killed FlareUmbra's ghost
  3295 | D:3      | Reached skill level 5 in Shields
  3295 | D:3      | Reached XP level 6. HP: 44/49 MP: 6/6
  3582 | D:4      | Reached skill level 5 in Maces & Flails
  3585 | D:4      | Reached XP level 7. HP: 23/55 MP: 7/7
  3930 | D:4      | Found a staircase to the Ecumenical Temple.
  4116 | D:4      | Reached skill level 5 in Fighting
  4222 | Temple   | Entered the Ecumenical Temple
  4430 | Temple   | Became a worshipper of Warmaster Okawaru
  4453 | D:5      | Entered Level 5 of the Dungeon
  4522 | D:5      | Found a shimmering altar of Xom.
  4659 | D:5      | Noticed Sigmund
  4668 | D:5      | Killed Sigmund
  4668 | D:5      | Reached skill level 6 in Maces & Flails
  4722 | D:5      | Reached XP level 8. HP: 63/63 MP: 8/8
  5081 | D:5      | Found a hide-covered altar of Uskayaw.
  5166 | D:5      | Reached * piety under Okawaru
  5233 | D:5      | Reached skill level 7 in Maces & Flails
  5406 | D:6      | Found Qiyckess's Magic Scroll Emporium.
  5440 | D:6      | Bought a scroll of enchant armour for 82 gold pieces
  5440 | D:6      | Bought a scroll of enchant weapon for 82 gold pieces
  5599 | D:6      | Reached ** piety under Okawaru
  5634 | D:6      | Reached XP level 9. HP: 71/71 MP: 9/9
  5796 | D:6      | Reached skill level 8 in Maces & Flails
  6111 | D:6      | Found Lyecaybb's Antique Armour Shoppe.
  6937 | D:7      | Reached skill level 9 in Maces & Flails
  7628 | D:8      | Found a runed translucent door.
  7628 | D:8      | Noticed Hasart's ghost (novice OpMo)
  7682 | D:8      | Killed Hasart's ghost
  7682 | D:8      | Reached *** piety under Okawaru
  7682 | D:8      | Reached XP level 10. HP: 34/80 MP: 10/10
  8041 | D:8      | Reached skill level 10 in Maces & Flails
  8588 | D:8      | Found Ishatis's Antique Weapon Shop.
  8759 | D:9      | Noticed Joseph
  8768 | D:9      | Noticed Grum
  8783 | D:9      | Reached **** piety under Okawaru
  8800 | D:9      | Noticed Gastronok
  8805 | D:9      | Cast into level 1 of the Abyss (Joseph)
  8822 | Abyss:1  | Noticed a worldbinder
  8830 | Abyss:1  | Noticed a sixfirhy
  8833 | Abyss:1  | Noticed a smoke demon
  8840 | Abyss:1  | HP: 3/82 [worldbinder (4)]
  8841 | Abyss:1  | Slain by a worldbinder

Levels and vault maps discovered:
D:1:      dpeg_arrival_boxorama, layout_basic
D:2:      layout_basic, chequers_ecumenical_altar_island, first_ration,
          hangedman_decor_clover_reticule, chequers_garden, uniq_robin
D:3:      minmay_chambers_of_twos, layout_basic, hellmonk_ghost_happy_afterlife
D:4:      layout_basic, temple_statues
D:5:      layout_basic, lemuel_coloured_pillars_altar, xom_teletrap_fun,
          uniq_sigmund
D:6:      layout_loops_ring, serial_shops, nicolae_shop_statue_plus,
          shop_fountains
D:7:      layout_basic
D:8:      layout_loops_corners, serial_shops, shop, gammafunk_ghost_grave,
          minmay_misc_feat_iff
D:9:      layout_basic, uniq_erolcha, uniq_gastronok, uniq_grum, uniq_joseph
Temple:   compressed_dpeg_triangle_lava_temple
Abyss:1:  minivault_4

Skill      XL: |  1  2  3  4  5  6  7  8  9 10 |
---------------+-------------------------------+-----
Shields        | 4 5 6 7 8 9 |  9.0
Maces & Flails | 3 4 5 6 7 9 10 | 10.6
Fighting       | 4 5 6 8 |  8.7
Armour         | |  3.2

Action                   |  1- 3 |  4- 6 |  7- 9 | 10-12 || total
-------------------------+-------+-------+-------+-------++-------
Melee: Flail             |   122 |   250 |    65 |       ||   437
       Morningstar       |       |       |   362 |   179 ||   541
Invok: Heroism           |       |       |     3 |       ||     3
  Use: Scroll            |       |     6 |       |     4 ||    10
       Potion            |       |       |     1 |     2 ||     3
  Eat: Chunk             |       |     7 |     6 |     4 ||    17
       Ration            |       |     1 |     2 |       ||     3
Armor: Scale mail        |    76 |    65 |       |       ||   141
       Plate armour      |       |    87 |   214 |    78 ||   379
       Skin              |       |       |       |    49 ||    49
Dodge: Dodged            |    52 |    78 |    78 |    39 ||   247
       Deflected         |       |       |       |     2 ||     2
Block: Shield            |    73 |   192 |   220 |   159 ||   644

Table legend:
 A = Non-vault XP
 B = Vault XP
 C = Vault XP percentage of total XP
 D = Non-vault monster count
 E = Vault monster count
 F = Vault count percentage of total count
                 A         B        C        D         E       F
            +---------+---------+-------+---------+---------+-------
      Total |    4117 |    1586 |  27.8 |     171 |      27 |  13.6
            +---------+---------+-------+---------+---------+-------
        D:1 |      45 |       0 |   0.0 |      21 |       0 |   0.0
        D:2 |      42 |      37 |  46.8 |      14 |      13 |  48.1
        D:3 |     100 |     156 |  60.9 |      19 |       9 |  32.1
        D:4 |     300 |       0 |   0.0 |      13 |       0 |   0.0
        D:5 |     660 |     223 |  25.3 |      14 |       1 |   6.7
        D:6 |    1477 |       0 |   0.0 |      31 |       0 |   0.0
        D:7 |     305 |       0 |   0.0 |       9 |       0 |   0.0
        D:8 |     832 |     827 |  49.8 |      43 |       1 |   2.3
        D:9 |     356 |     343 |  49.1 |       7 |       3 |  30.0
            +---------+---------+-------+---------+---------+-------
